[Event "Titled Tuesday Blitz January 17 Late 2023"]
[White "Nefedov, Sergey"]
[Black "reevecanada"]
[WhiteFideId "24113417"]
[WhiteElo "2300"]
[BlackElo "2474"]
[Result "1-0"]
[Round "08"]
[TimeControl "180+2"]
[Date "2023.01.17"]
[WhiteClock "0:00:23"]
[BlackClock "0:00:52"]

1. d4 Nf6 2. Nf3 d5 3. c4 c6 4. Nc3 e6 5. Bg5 Be7 6. e3 h6 7. Bh4 g5 8. Bg3 Nbd7 9. Bd3 dxc4 10. Bxc4 Nb6 11. Be2 Bd6 12. Ne5 Nbd5 13. h4 Nxc3 14. bxc3 Nd5 15. c4 Nc3 16. Qc2 Bb4 17. Bh5 Ne4+ 18. Ke2 Nd6 19. c5 Nb5 20. Nxf7 Nc3+ 21. Kf1 Qd5 22. Nxh8+ Kd8 23. Nf7+ Kd7 24. Ne5+ Kd8 25. hxg5 hxg5 26. Bf3 b6 27. Rh8+ Kc7 28. Bxd5 Ba6+ 29. Kg1 Rxh8 30. Nf7+ Kb7 31. Bxc6+ Kxc6 32. Nxh8 Bc4 33. cxb6 axb6 34. Rc1 Kb5 35. Kh2 Ka5 36. a3 Bxa3 37. Qxc3+ Bb4 38. Qxc4 Ka4 39. Ra1# 1-0


[Site "https://www.chess.com"]

[Event "Titled Tuesday Blitz January 17 Late 2023"]
[White "Janaszak, Dawid"]
[Black "Mosquera, Miguel"]
[WhiteFideId "1119206"]
[BlackFideId "4401131"]
[WhiteElo "2316"]
[BlackElo "2371"]
[Result "1-0"]
[Round "08"]
[TimeControl "180+2"]
[Date "2023.01.17"]
[WhiteClock "0:00:14"]
[BlackClock "0:00:03"]

1. e4 c5 2. Nc3 e6 3. f4 Nc6 4. Nf3 d5 5. Bb5 a6 6. Bxc6+ bxc6 7. d3 Bd6 8. O-O Ne7 9. Qe1 O-O 10. b3 c4 11. dxc4 dxc4 12. Kh1 cxb3 13. axb3 Ng6 14. e5 Bb4 15. Bb2 Nxf4 16. Qe4 Bxc3 17. Bxc3 Nd5 18. Bd2 f5 19. exf6 Nxf6 20. Qxc6 Bd7 21. Qd6 Ne4 22. Qe5 Nxd2 23. Nxd2 Qe7 24. Ne4 Bc6 25. Ng5 Rae8 26. Kg1 h6 27. Nh3 Qa7+ 28. Kh1 Qb7 29. Qe2 Rxf1+ 30. Rxf1 e5 31. Kg1 Qb6+ 32. Qf2 Qc7 33. Qc5 Qd7 34. Nf2 e4 35. Rd1 1-0


[Site "https://www.chess.com"]

[Event "Titled Tuesday Blitz January 17 Late 2023"]
[White "Hajiyev, Kanan"]
[Black "Musovic, Armin"]
[WhiteFideId "13404148"]
[BlackFideId "939935"]
[WhiteElo "2197"]
[BlackElo "2261"]
[Result "1/2-1/2"]
[Round "08"]
[TimeControl "180+2"]
[Date "2023.01.17"]
[WhiteClock "0:00:06"]
[BlackClock "0:00:22"]

1. d4 d5 2. c4 c5 3. cxd5 e6 4. dxe6 Bxe6 5. Nf3 Nc6 6. e3 a6 7. Be2 Nf6 8. O-O h6 9. dxc5 Qa5 10. Nc3 Rd8 11. Nd4 Nxd4 12. exd4 Bxc5 13. Be3 Bd6 14. Qa4+ Qxa4 15. Nxa4 Ng4 16. h3 Nxe3 17. fxe3 b5 18. Nc3 O-O 19. Rac1 Rfe8 20. Kf2 Be7 21. a3 Bh4+ 22. g3 Bf6 23. h4 Rd7 24. Bf3 Rde7 25. Ne4 Bc4 26. Nxf6+ gxf6 27. Rfe1 a5 28. e4 Rd8 29. d5 f5 30. exf5 Red7 31. Rcd1 Kg7 32. g4 Kf6 33. Kg3 Bxd5 34. Kf4 Bxf3 35. g5+ Kg7 36. Rxd7 Rxd7 37. Kxf3 Rd4 38. Re4 Rd2 39. b4 a4 40. Re5 Rd3+ 41. Kg4 Rxa3 42. f6+ Kh7 43. Rxb5 hxg5 44. hxg5 Rb3 45. Kf5 Rf3+ 46. Ke4 Rg3 47. Kf4 Rc3 48. Ra5 Kg6 49. Rxa4 Rc4+ 50. Ke5 Kxg5 51. Kd5 Rf4 52. Kc5 Kxf6 53. Ra6+ Ke5 54. b5 Rf2 55. Ra8 Rc2+ 56. Kb4 Rb2+ 57. Kc4 f5 58. Re8+ Kf6 59. Kc5 Rc2+ 60. Kd6 Rd2+ 61. Kc6 Rc2+ 62. Kd6 Rb2 63. Kc6 f4 64. Rf8+ Ke5 65. b6 Rc2+ 66. Kb5 Rb2+ 67. Kc6 Rc2+ 68. Kb5 Rb2+ 69. Ka6 Ra2+ 70. Kb5 Rb2+ 1/2-1/2


[Site "https://www.chess.com"]

[Event "Titled Tuesday Blitz January 17 Late 2023"]
[White "Tokhirjonova, Gulrukhbegim"]
[Black "Souleidis, Georgios"]
[WhiteFideId "14203626"]
[BlackFideId "4206827"]
[WhiteElo "2340"]
[BlackElo "2419"]
[Result "1-0"]
[Round "08"]
[TimeControl "180+2"]
[Date "2023.01.17"]
[WhiteClock "0:00:25"]
[BlackClock "0:00:03"]

1. e4 c5 2. Nf3 e6 3. d4 cxd4 4. Nxd4 Nf6 5. Nc3 Nc6 6. Be2 Qb6 7. Nb3 d6 8. Be3 Qc7 9. O-O a6 10. a4 Be7 11. f4 O-O 12. Kh1 b6 13. Qe1 Nb4 14. Rc1 Bb7 15. Bf3 d5 16. e5 Ne4 17. Bxe4 dxe4 18. Qf2 b5 19. axb5 axb5 20. Nxb5 Qc4 21. Nd6 Bxd6 22. exd6 Rfd8 23. f5 exf5 24. Qxf5 Rxd6 25. Na5 Qd5 26. Nxb7 Qxb7 27. Rcd1 Rxd1 28. Rxd1 Nxc2 29. Rd7 Qb3 30. Qxe4 Rf8 31. Bg1 Qxb2 32. Rd2 Rc8 33. Qf5 Qc3 34. Re2 h6 35. h3 Rf8 36. Rxc2 Qe1 37. Rc8 Rxc8 38. Qxc8+ Kh7 39. Qf5+ Kg8 40. Qf2 Qe5 41. g3 Qd5+ 42. Qg2 Qd1 43. Kh2 f6 44. h4 Kh7 45. Qe4+ Kg8 46. Kg2 Kh8 47. Bf2 Kg8 48. Qe8+ Kh7 49. h5 Qd5+ 50. Kh2 Qd2 51. Qe4+ Kh8 52. Qe3 Qc2 53. g4 Kh7 54. Kg3 Kh8 55. Kf3 Qc6+ 56. Qe4 Qc1 57. Kg2 Qd1 58. Bd4 Qd2+ 59. Kg3 Qa2 60. Qe8+ Kh7 61. Bxf6 1-0


[Site "https://www.chess.com"]

[Event "Titled Tuesday Blitz January 17 Late 2023"]
[White "Sanchez, Robert"]
[Black "Mendez Fortes, Eduardo Jesus"]
[WhiteFideId "2034360"]
[BlackFideId "3502376"]
[WhiteElo "1966"]
[BlackElo "2250"]
[Result "0-1"]
[Round "08"]
[TimeControl "180+2"]
[Date "2023.01.17"]
[WhiteClock "0:00:34"]
[BlackClock "0:01:10"]

1. e4 e5 2. Nf3 Nc6 3. Bb5 Nf6 4. d3 Bc5 5. O-O d6 6. h3 O-O 7. c3 Bb6 8. a4 a6 9. Bc4 Ne7 10. Re1 Ng6 11. a5 Ba7 12. Bg5 h6 13. Be3 Bxe3 14. fxe3 c6 15. Bb3 d5 16. exd5 cxd5 17. Nbd2 e4 18. dxe4 dxe4 19. Nd4 Qc7 20. Rf1 Qg3 21. Rxf6 gxf6 22. Qh5 Qxe3+ 23. Kh1 Nf4 24. Nc4 Qxd4 25. Qxh6 Qf2 26. Rg1 Ne2 27. Rd1 Qf4 0-1


[Site "https://www.chess.com"]

[Event "Titled Tuesday Blitz January 17 Late 2023"]
[White "Golubev, Mikhail"]
[Black "Fishbein, Mitch"]
[WhiteFideId "14100983"]
[BlackFideId "30922917"]
[WhiteElo "2461"]
[BlackElo "2120"]
[Result "1-0"]
[Round "08"]
[TimeControl "180+2"]
[Date "2023.01.17"]
[WhiteClock "0:00:10"]
[BlackClock "0:00:05"]

1. e4 c5 2. Nf3 g6 3. d4 cxd4 4. Nxd4 Bg7 5. Nc3 Nc6 6. Be3 Nf6 7. Nxc6 bxc6 8. e5 Ng8 9. Bd4 Nh6 10. e6 Bxd4 11. Qxd4 O-O 12. exd7 Qxd7 13. Qxd7 Bxd7 14. O-O-O Rfd8 15. Be2 Bg4 16. Rxd8+ Rxd8 17. Bc4 Bc8 18. Re1 Kf8 19. Ne4 Nf5 20. Ng5 Nd6 21. Bd3 h6 22. Ne4 Nxe4 23. Bxe4 c5 24. Re3 Be6 25. Bxg6 Bxa2 26. Be4 Be6 27. g3 Rc8 28. f4 Rc7 29. Kd2 f6 30. Kc3 Bf7 31. g4 Ke8 32. h4 Kd7 33. g5 fxg5 34. hxg5 hxg5 35. fxg5 Ke8 36. Bh7 Kf8 37. Bd3 Kg7 38. b3 Bg6 39. Re6 Bxd3 40. Kxd3 Kf7 41. Ra6 e6 42. Kc4 Kg6 43. Rxe6+ Kxg5 44. Re5+ Kf6 45. Rxc5 Rh7 46. Kd5 Rh5+ 47. Kc6 Rh2 48. Kb7 a5 49. Kb6 a4 50. bxa4 Ke6 51. a5 Kd6 52. a6 Rh1 53. a7 Rb1+ 54. Rb5 Ra1 55. Ra5 1-0


[Site "https://www.chess.com"]

[Event "Titled Tuesday Blitz January 17 Late 2023"]
[White "Winterberg, Lukas"]
[Black "Chernomordik, Pavel"]
[WhiteFideId "24622702"]
[BlackFideId "2804530"]
[WhiteElo "2402"]
[BlackElo "2150"]
[Result "0-1"]
[Round "08"]
[TimeControl "180+2"]
[Date "2023.01.17"]
[WhiteClock "0:00:01"]
[BlackClock "0:01:08"]

1. e4 g6 2. d4 Bg7 3. Nc3 d6 4. Bg5 h6 5. Bh4 c5 6. dxc5 Qa5 7. Qd2 Qxc5 8. Bd3 Nc6 9. Nge2 Nf6 10. Bxf6 Bxf6 11. Nd5 Ne5 12. Bb5+ Bd7 13. b4 Qxb5 14. Nc7+ Kd8 15. Nxb5 Bxb5 16. Nd4 Bc4 17. f4 Nc6 18. e5 Bg7 19. Nxc6+ bxc6 20. Rd1 d5 21. Kf2 g5 22. fxg5 Bxe5 23. Rhe1 Bd6 24. Qc3 Kc7 25. Qg7 Rag8 26. Qd4 Kb7 27. b5 cxb5 28. Rb1 hxg5 29. a4 Rh4 30. Rxb5+ Bxb5 31. Qxd5+ Bc6 32. Rb1+ Kc7 33. Qa5+ Kd7 34. Qxa7+ Ke6 35. Qe3+ Re4 36. Qd3 Bc5+ 37. Kf1 Rg6 38. Qb3+ Bd5 39. Qh3+ g4 40. Qg3 Rf6+ 0-1


[Site "https://www.chess.com"]

[Event "Titled Tuesday Blitz January 17 Late 2023"]
[White "Petukhov, Dmitry"]
[Black "Bambino Filho, Antonio Carlos"]
[WhiteFideId "4142748"]
[BlackFideId "2113163"]
[WhiteElo "2350"]
[BlackElo "2144"]
[Result "1-0"]
[Round "08"]
[TimeControl "180+2"]
[Date "2023.01.17"]
[WhiteClock "0:01:58"]
[BlackClock "0:01:45"]

1. e4 c5 2. c3 e6 3. d4 d5 4. e5 Qb6 5. Nf3 Bd7 6. a3 Bb5 7. c4 Bxc4 8. Bxc4 dxc4 9. d5 exd5 10. Qxd5 Ne7 11. Qxc4 Nbc6 12. O-O Ng6 13. Nc3 Be7 14. Nd5 Qd8 15. Rd1 O-O 16. Nf6+ Bxf6 17. Rxd8 Bxd8 18. e6 Bf6 19. exf7+ Kh8 20. Bg5 Nge5 21. Nxe5 Nxe5 22. Qxc5 Nd3 23. Qe3 Bxg5 24. Qxg5 Rxf7 25. Qd5 1-0


[Site "https://www.chess.com"]

[Event "Titled Tuesday Blitz January 17 Late 2023"]
[White "Degtiarev, Evgeny"]
[Black "Graif, William"]
[WhiteFideId "4149610"]
[BlackFideId "2609835"]
[WhiteElo "2385"]
[BlackElo "2304"]
[Result "0-1"]
[Round "08"]
[TimeControl "180+2"]
[Date "2023.01.17"]
[WhiteClock "0:00:12"]
[BlackClock "0:00:05"]

1. d4 Nf6 2. c4 e6 3. g3 c5 4. d5 exd5 5. cxd5 d6 6. Nc3 g6 7. Bg2 Bg7 8. Nf3 O-O 9. O-O Nbd7 10. Bf4 Qe7 11. Re1 Nh5 12. Bg5 f6 13. Bd2 f5 14. Bg5 Qf7 15. Nb5 Ndf6 16. Nxd6 Qxd5 17. Qxd5+ Nxd5 18. Be7 Bxb2 19. Bxf8 Bxa1 20. Rxa1 Kxf8 21. Ng5 Nhf6 22. Rc1 Ke7 23. Nb5 b6 24. e4 fxe4 25. Nxe4 Nxe4 26. Bxe4 Bb7 27. Re1 Kd7 28. Rd1 Re8 29. Bxd5 Bxd5 30. Rxd5+ Kc6 31. Nc3 b5 32. Rd2 b4 33. Nd1 c4 34. Ne3 c3 35. Rd4 a5 36. Kf1 Kb5 37. Ke2 Ka4 38. Kd1 Ka3 39. Rd5 a4 40. Rd4 b3 41. axb3 axb3 42. Rd3 Rxe3 43. fxe3 Kb2 44. Rxc3 Kxc3 45. Kc1 Kd3 46. Kb2 Kxe3 47. Kxb3 Kf3 48. Kc3 Kg2 49. Kd4 Kxh2 50. g4 Kg3 51. Ke3 Kxg4 52. Kf2 Kf5 0-1


[Site "https://www.chess.com"]

[Event "Titled Tuesday Blitz January 17 Late 2023"]
[White "Rodriguez Fontecha, Marcos"]
[Black "Mazurkiewicz, Michal"]
[WhiteFideId "2256576"]
[BlackFideId "1124943"]
[WhiteElo "2309"]
[BlackElo "2145"]
[Result "0-1"]
[Round "08"]
[TimeControl "180+2"]
[Date "2023.01.17"]
[WhiteClock "0:00:13"]
[BlackClock "0:00:05"]

1. d4 Nf6 2. Nf3 g6 3. Bf4 Bg7 4. Nc3 O-O 5. Qd2 d5 6. Bh6 Ne4 7. Nxe4 dxe4 8. Bxg7 Kxg7 9. Ne5 f6 10. Nc4 b5 11. Ne3 f5 12. g3 e5 13. Rd1 exd4 14. Qxd4+ Qxd4 15. Rxd4 Nc6 16. Rd2 Be6 17. Nd5 Bxd5 18. Rxd5 a6 19. Rc5 Nd4 20. c3 Ne6 21. Rc6 Kf6 22. e3 Ke7 23. a4 Rfb8 24. c4 b4 25. c5 Kd7 26. Rxa6 Rxa6 27. Bxa6 Nxc5 28. Bc4 Nxa4 29. b3 Nb6 30. Be2 Ra8 31. O-O c6 32. Rd1+ Kc7 33. g4 Ra3 34. gxf5 gxf5 35. Rb1 Ra2 36. Bh5 Nd5 37. Bf7 Nc3 38. Re1 Kd6 39. Kg2 Ke5 40. Kg3 h6 41. Kh4 Kf6 42. Bc4 Rxf2 43. h3 Rf3 44. Ba6 Nd5 45. Rc1 Nxe3 46. Rxc6+ Ke5 47. Rxh6 Kf4 48. Kh5 Rxh3+ 49. Kg6 Rxh6+ 50. Kxh6 Nc2 0-1


[Site "https://www.chess.com"]

[Event "Titled Tuesday Blitz January 17 Late 2023"]
[White "Balague Camps, Marc"]
[Black "Gasparyan, David"]
[WhiteFideId "2297914"]
[BlackFideId "13311980"]
[WhiteElo "2190"]
[BlackElo "2142"]
[Result "1-0"]
[Round "08"]
[TimeControl "180+2"]
[Date "2023.01.17"]
[WhiteClock "0:00:40"]
[BlackClock "0:00:02"]

1. d4 Nf6 2. c4 d5 3. cxd5 Nxd5 4. h3 g6 5. e4 Nb6 6. Be3 Bg7 7. Nf3 O-O 8. Nc3 N8d7 9. Bb5 c6 10. Be2 e5 11. d5 h6 12. dxc6 bxc6 13. O-O Qe7 14. Qd2 Kh7 15. Rad1 Rb8 16. b3 f5 17. Qd6 Qxd6 18. Rxd6 f4 19. Bc1 Rf6 20. Rfd1 Rxd6 21. Rxd6 Bb7 22. Re6 Rf8 23. Nh4 Rf6 24. Re7 Kg8 25. Bg4 Rd6 26. Ba3 c5 27. Nxg6 Rxg6 28. Bxd7 Bf8 29. Be6+ Kh8 30. Rxb7 Rxe6 31. Rxa7 Rc6 32. Ra6 Be7 33. Nd5 Bd8 34. Bb2 Re6 35. Nxf4 Re7 36. Bxe5+ Kh7 37. Bf6 Rxe4 38. Bxd8 Nc8 39. g3 Rd4 40. Bf6 Rd1+ 41. Kg2 Nd6 42. Rc6 Ne4 43. Rc7+ Kg8 44. Be5 Rd2 45. Rg7+ Kf8 46. Ng6+ Ke8 47. Re7+ Kd8 48. Bc7+ Kc8 49. Rxe4 Kxc7 50. Rc4 Kd6 51. b4 cxb4 52. Rxb4 Rxa2 53. Nf4 Ke5 54. Rb6 h5 55. Rb5+ Ke4 56. Rxh5 Ra8 57. Rh7 Rg8 58. Re7+ Kf5 59. h4 Ra8 60. Kf3 Ra3+ 61. Re3 Ra4 62. g4+ Kf6 63. Rc3 Ra6 64. g5+ Kg7 65. Kg4 Ra5 66. Rc4 Ra7 67. Nh5+ Kg6 68. f4 Ra5 69. f5+ Kf7 70. Rc7+ Kf8 71. g6 Ra4+ 72. Kg5 Ke8 73. g7 Kd8 74. Rf7 Re4 75. g8=Q+ Re8 76. Rf8 1-0


[Site "https://www.chess.com"]

[Event "Titled Tuesday Blitz January 17 Late 2023"]
[White "Moroni, Luca Jr"]
[Black "Jorajuria Mendoza, Algol"]
[WhiteFideId "865834"]
[BlackFideId "5128897"]
[WhiteElo "2535"]
[BlackElo "2069"]
[Result "0-1"]
[Round "08"]
[TimeControl "180+2"]
[Date "2023.01.17"]
[WhiteClock "0:00:05"]
[BlackClock "0:00:09"]

1. d4 g6 2. e4 Bg7 3. Nc3 d6 4. Be3 Nd7 5. Nf3 a6 6. Qd2 b5 7. Bd3 Bb7 8. a4 b4 9. Ne2 a5 10. Ng3 h6 11. h4 Ngf6 12. h5 g5 13. e5 dxe5 14. dxe5 Ng4 15. e6 Bxb2 16. exd7+ Qxd7 17. Bb5 c6 18. Qxd7+ Kxd7 19. Rd1+ Kc7 20. Bc4 Be5 21. Nxe5 Nxe5 22. Be2 c5 23. O-O Kb6 24. f4 gxf4 25. Bxf4 Nc6 26. Nf5 Rag8 27. Bf3 e5 28. Be3 Nd4 29. Bxb7 Kxb7 30. Bxd4 exd4 31. Nd6+ Kc7 32. Nxf7 Rh7 33. Ne5 Rg5 34. Rde1 Rhg7 35. Rf7+ Rxf7 36. Nxf7 Rxh5 37. Re7+ Kc6 38. Re6+ Kd5 39. Rxh6 Rxh6 40. Nxh6 d3 41. cxd3 b3 42. Nf5 b2 43. Ne3+ Kd4 44. Nc2+ Kxd3 45. Na3 c4 46. g4 Ke4 47. Kf2 c3 48. g5 Kf5 49. Ke2 c2 50. Nxc2 b1=Q 51. Ne3+ Kxg5 0-1


[Site "https://www.chess.com"]

[Event "Titled Tuesday Blitz January 17 Late 2023"]
[White "Davidson, Kevin"]
[Black "Aggelis, Nikolaos"]
[WhiteFideId "2056810"]
[BlackFideId "4213220"]
[WhiteElo "2154"]
[BlackElo "2270"]
[Result "0-1"]
[Round "08"]
[TimeControl "180+2"]
[Date "2023.01.17"]
[WhiteClock "0:00:02"]
[BlackClock "0:00:05"]

1. e4 c6 2. d4 d5 3. e5 Bf5 4. h4 h6 5. g4 Bh7 6. e6 fxe6 7. Bd3 Bxd3 8. Qxd3 e5 9. dxe5 e6 10. Nc3 Qc7 11. f4 Bb4 12. Nf3 Qf7 13. h5 Ne7 14. Bd2 Nd7 15. a3 Bxc3 16. Qxc3 O-O-O 17. O-O-O Kb8 18. Nd4 a6 19. Nb3 g6 20. Nc5 Nxc5 21. Qxc5 Nc8 22. Be3 Rhg8 23. hxg6 Rxg6 24. Rh4 Rdg8 25. Rdh1 Rxg4 26. Rxh6 Qe7 27. Rh7 Qxc5 28. Bxc5 Rxf4 29. Rd7 b6 30. Bd6+ Nxd6 31. exd6 Rf2 32. Kb1 Re8 33. Rhh7 Kc8 34. Rc7+ Kb8 35. Rb7+ Kc8 36. d7+ Kxb7 0-1


[Site "https://www.chess.com"]

[Event "Titled Tuesday Blitz January 17 Late 2023"]
[White "Rodrigues, Tiago Pereira"]
[Black "Melikhov, Evgeny V."]
[WhiteFideId "2101203"]
[BlackFideId "4122046"]
[WhiteElo "2155"]
[BlackElo "2269"]
[Result "1-0"]
[Round "08"]
[TimeControl "180+2"]
[Date "2023.01.17"]
[WhiteClock "0:01:28"]
[BlackClock "0:00:01"]

1. d4 Nf6 2. Bf4 d5 3. e3 c5 4. c3 Nc6 5. Nd2 cxd4 6. exd4 Bf5 7. Qb3 Qc8 8. h3 e6 9. Ngf3 Be7 10. Bb5 a6 11. Bxc6+ Qxc6 12. Ne5 Qc8 13. O-O O-O 14. a4 Nd7 15. Nef3 b6 16. Rfe1 Qb7 17. Qd1 b5 18. b4 a5 19. bxa5 Rxa5 20. axb5 Rxb5 21. Nf1 h6 22. Ng3 Bg6 23. Qa4 Rb2 24. Rec1 Nb6 25. Qa7 Nc4 26. Qxb7 Rxb7 27. Nf1 Ba3 28. Rd1 Bb2 29. Ra6 Bxc3 30. Ne3 Nxe3 31. Bxe3 Rfb8 32. Ne5 Bc2 33. Rc1 Rb1 34. Rxb1 Rxb1+ 35. Kh2 Bg6 36. Nxg6 fxg6 37. Rxe6 g5 38. Rd6 Rb5 39. g4 Bb4 40. Rd7 Kf8 41. Kg2 Be7 42. f4 gxf4 43. Bxf4 Ke8 44. Ra7 Bf6 45. Be5 Bxe5 46. dxe5 d4 47. Ra4 Rxe5 48. Rxd4 Kf7 49. Rf4+ Ke7 50. Ra4 g5 51. Ra7+ Kf6 52. Kf3 Rb5 53. Rh7 Kg6 54. Rd7 Kf6 55. Rd6+ Kg7 56. Rd3 Kf6 57. Ke4 Rb4+ 58. Kd5 Rb5+ 59. Kd6 Rb6+ 60. Kd5 Rb5+ 61. Kc6 Re5 62. Rf3+ Kg6 63. Kd6 Re1 64. Kd5 Re2 65. Kd4 Re1 66. Kd3 Re7 67. Rf5 Re6 68. Kd2 Re4 69. Rc5 Rf4 70. Ke3 Rf1 71. Rc6+ 1-0


[Site "https://www.chess.com"]

[Event "Titled Tuesday Blitz January 17 Late 2023"]
[White "Kochetov, Andrey"]
[Black "Kaganskiy, Gleb"]
[WhiteFideId "24130532"]
[BlackFideId "4132025"]
[WhiteElo "2165"]
[BlackElo "2205"]
[Result "0-1"]
[Round "08"]
[TimeControl "180+2"]
[Date "2023.01.17"]
[WhiteClock "0:00:04"]
[BlackClock "0:00:09"]

1. e4 e6 2. d4 d5 3. Nd2 c5 4. exd5 Qxd5 5. Ngf3 cxd4 6. Bc4 Qd6 7. O-O Nc6 8. Nb3 Nf6 9. Nbxd4 Nxd4 10. Nxd4 Be7 11. c3 O-O 12. Qf3 e5 13. Nf5 Bxf5 14. Qxf5 Rad8 15. Be3 Nd5 16. Bxa7 g6 17. Qf3 Nf4 18. Be3 Bg5 19. g3 Nh3+ 20. Kg2 Bxe3 21. Qxe3 Qc6+ 22. Kxh3 Qxc4 23. b3 Qc6 24. Rad1 Rd5 25. Rxd5 Qxd5 26. c4 Qe6+ 27. Kg2 Rd8 28. Qf3 e4 29. Qe2 Qc6 30. Kg1 Rd3 31. Rd1 Qd7 32. Re1 f5 33. h4 Rd2 34. Qe3 Rxa2 35. h5 Qd2 36. hxg6 hxg6 37. Qxd2 Rxd2 38. Rb1 Kf7 39. Kf1 Ke6 40. b4 Ke5 41. c5 Kd5 42. Rc1 Rb2 43. Rd1+ Kc6 44. Rd6+ Kc7 45. Rb6 g5 46. Ke1 f4 47. gxf4 gxf4 48. Kd1 Rxf2 49. Re6 e3 50. Ke1 Rb2 51. Kd1 Rxb4 52. Rf6 Rc4 53. Ke2 Rc2+ 54. Kd3 Rf2 55. Kc4 e2 56. Re6 f3 57. Kd3 Rf1 58. Kd2 Rd1+ 0-1


[Site "https://www.chess.com"]

[Event "Titled Tuesday Blitz January 17 Late 2023"]
[White "Vasques, Antonio Pedro Freixial"]
[Black "ArchibaldCerveza29"]
[WhiteFideId "1908332"]
[WhiteElo "2214"]
[BlackElo "2547"]
[Result "0-1"]
[Round "08"]
[TimeControl "180+2"]
[Date "2023.01.17"]
[WhiteClock "0:00:05"]
[BlackClock "0:00:06"]

1. d4 d5 2. c4 e6 3. Nf3 Nf6 4. g3 Be7 5. Bg2 O-O 6. O-O dxc4 7. Qc2 b5 8. a4 Bb7 9. axb5 a6 10. Nc3 axb5 11. Rxa8 Bxa8 12. Nxb5 Bd5 13. Nc3 Nc6 14. e4 Nb4 15. Qe2 Ba8 16. Qxc4 Nxe4 17. Bf4 Nxc3 18. bxc3 Nd5 19. Bd2 Nb6 20. Qe2 c5 21. Rb1 Bd5 22. Qa6 Nc4 23. Bf4 cxd4 24. cxd4 Bf6 25. Rb8 Qd7 26. Rxf8+ Kxf8 27. Be5 Nxe5 28. Nxe5 Bxe5 29. dxe5 Bxg2 30. Qa3+ Ke8 31. Kxg2 Qd5+ 32. Kg1 Qxe5 33. Qa7 Qd5 34. h4 h5 35. Qb8+ Ke7 36. Qf4 g6 37. Qb4+ Kf6 38. Qf4+ Qf5 39. Qd4+ Qe5 40. Qd8+ Kf5 41. Qd7 Qe1+ 42. Kg2 Qe4+ 43. Kg1 f6 44. Qd2 g5 45. Qd7 gxh4 46. Qh7+ Ke5 47. Qxh5+ f5 48. Qh8+ Kd5 49. Qa8+ Ke5 50. Qa1+ Qd4 51. Qe1+ Qe4 52. Qc3+ Qd4 53. Qa5+ Ke4 54. Qe1+ Kf3 55. Qd1+ Qxd1+ 0-1


[Site "https://www.chess.com"]

[Event "Titled Tuesday Blitz January 17 Late 2023"]
[White "Defend, Balint"]
[Black "Seletsky, Grigory"]
[WhiteFideId "17004853"]
[BlackFideId "14112191"]
[WhiteElo "1673"]
[BlackElo "2259"]
[Result "0-1"]
[Round "08"]
[TimeControl "180+2"]
[Date "2023.01.17"]
[WhiteClock "0:00:51"]
[BlackClock "0:00:55"]

1. e4 e6 2. d4 d5 3. Nc3 Nc6 4. e5 Nge7 5. f4 Nf5 6. Nce2 b6 7. Nf3 Ba6 8. c3 Qd7 9. Qa4 Bxe2 10. Bxe2 Nxe5 11. Bb5 c6 12. Nxe5 cxb5 13. Qa6 Qc7 14. Qxb5+ Kd8 15. g4 Nd6 16. Qa4 f6 17. Nf3 Qc4 18. Qxc4 Nxc4 19. b3 Nd6 20. Bd2 Rc8 21. a4 Ne4 22. Rc1 Bd6 23. f5 Re8 24. O-O a6 25. Be1 b5 26. axb5 axb5 27. b4 Kd7 28. Kg2 Ra8 29. Rc2 Rec8 30. fxe6+ Kxe6 31. Bd2 Bxb4 32. Rb1 Bxc3 33. Bxc3 Rxc3 34. Rxc3 Nxc3 35. Rb3 Rc8 36. Ne1 Rc4 37. Nd3 Kd6 38. Kf3 g5 39. Ke3 Kc6 40. Nc5 Na4 41. Na6 Rc3+ 42. Rxc3+ Nxc3 43. Nb4+ Kd6 44. h3 Na4 45. Kd3 Nb6 46. Ke2 Nc8 47. Kd3 Ne7 48. Ke3 f5 49. Kf3 f4 50. h4 h6 51. hxg5 hxg5 52. Nd3 Nc6 0-1


[Site "https://www.chess.com"]

[Event "Titled Tuesday Blitz January 17 Late 2023"]
[White "Ansh M Shah"]
[Black "Gerbelli Neto, Eduardo"]
[WhiteFideId "25033379"]
[BlackFideId "2103281"]
[WhiteElo "2171"]
[BlackElo "2114"]
[Result "1-0"]
[Round "08"]
[TimeControl "180+2"]
[Date "2023.01.17"]
[WhiteClock "0:00:21"]
[BlackClock "0:00:34"]

1. d4 d5 2. c4 c6 3. cxd5 cxd5 4. Nc3 Nf6 5. Bf4 Nc6 6. e3 Bf5 7. Rc1 e6 8. Qb3 Qb6 9. Qxb6 axb6 10. Bb5 Bb4 11. Ne2 Rxa2 12. O-O Rxb2 13. Na4 Rc2 14. Rxc2 Bxc2 15. Nxb6 O-O 16. Rc1 Bg6 17. Bxc6 bxc6 18. Rxc6 h6 19. h3 Bd3 20. Nc3 Ne4 21. Nxe4 Bxe4 22. Kh2 Ba5 23. Nd7 Rd8 24. Nc5 Bg6 25. Ra6 Be1 26. Kg3 Rc8 27. Ra1 Bb4 28. Rc1 Ba3 29. Rc3 Bb4 30. Rb3 Ba5 31. Nd7 Bc7 32. Bxc7 Rxc7 33. Rb8+ Kh7 34. Nf8+ Kg8 35. Nxg6+ Kh7 36. Nf8+ Kg8 37. Nxe6+ 1-0


[Site "https://www.chess.com"]

[Event "Titled Tuesday Blitz January 17 Late 2023"]
[White "Hoffmann, Asa"]
[Black "Carbone, Diego"]
[WhiteFideId "2001470"]
[BlackFideId "3002179"]
[WhiteElo "2185"]
[BlackElo "2336"]
[Result "1-0"]
[Round "08"]
[TimeControl "180+2"]
[Date "2023.01.17"]
[WhiteClock "0:00:27"]
[BlackClock "0:00:03"]

1. d4 Nf6 2. Bg5 e6 3. Nd2 d5 4. e3 Nbd7 5. f4 h6 6. Bh4 Be7 7. Bd3 c5 8. c3 Qb6 9. Rb1 a5 10. Ngf3 a4 11. O-O Ng4 12. Bxe7 Nxe3 13. Bxc5 Nxc5 14. dxc5 Nxd1 15. cxb6 Ne3 16. Rfe1 Ng4 17. h3 Nf6 18. Bb5+ Ke7 19. Ne5 Ra5 20. Bd3 Rd8 21. Ndf3 Rd6 22. b4 axb3 23. axb3 Rxb6 24. Nd4 Ne8 25. f5 Nd6 26. fxe6 fxe6 27. b4 Ra3 28. Rb3 Ra2 29. Re3 Ne8 30. Rf3 Nf6 31. Ng4 Rd6 32. Re3 Ra1+ 33. Kh2 Rd8 34. Bf5 Ra6 35. b5 Rad6 36. Bg6 Kf8 37. Rf3 Ke7 38. Rb2 Rf8 39. Re2 Nxg4+ 40. hxg4 Rxf3 41. gxf3 Kf6 42. Bd3 e5 43. Nf5 Rd7 44. Kg3 Rc7 45. Rc2 h5 46. Ne3 Be6 47. Bf5 hxg4 48. Kxg4 g6 49. Bxe6 Kxe6 50. f4 Rc5 51. b6 Rb5 52. fxe5 Kxe5 53. Rd2 Ke4 54. Nc2 Rxb6 55. Nb4 Rb5 56. Kg5 Rc5 57. Na2 b5 58. Kxg6 Rc4 59. Kf6 d4 60. cxd4 Rxd4 61. Rb2 Rd5 62. Nc3+ Kd4 63. Nxd5 Kc4 64. Rb4+ Kc5 65. Ke6 1-0


[Site "https://www.chess.com"]

[Event "Titled Tuesday Blitz January 17 Late 2023"]
[White "Alfaro, William"]
[Black "Sukandar, Irine Kharisma"]
[WhiteFideId "6100457"]
[BlackFideId "7101937"]
[WhiteElo "2134"]
[BlackElo "2390"]
[Result "0-1"]
[Round "08"]
[TimeControl "180+2"]
[Date "2023.01.17"]
[WhiteClock "0:02:25"]
[BlackClock "0:02:29"]

1. Nf3 c5 2. g3 g6 3. Bg2 Bg7 4. O-O Nf6 5. d3 O-O 6. e4 Nc6 7. Be3 b6 8. Qd2 Ng4 9. Bg5 Bxb2 10. Nc3 f6 11. Bf4 e5 12. Nxe5 fxe5 13. Bg5 Bxc3 14. Qxc3 Qxg5 0-1


[Site "https://www.chess.com"]

[Event "Titled Tuesday Blitz January 17 Late 2023"]
[White "Mione, Dario"]
[Black "Pein, Jonathan"]
[WhiteFideId "806625"]
[BlackFideId "417092"]
[WhiteElo "2228"]
[BlackElo "2265"]
[Result "1-0"]
[Round "08"]
[TimeControl "180+2"]
[Date "2023.01.17"]
[WhiteClock "0:00:37"]
[BlackClock "0:00:54"]

1. e4 e5 2. Nf3 d6 3. d4 exd4 4. Nxd4 Nf6 5. Nc3 g6 6. Be3 Bg7 7. Qd2 O-O 8. O-O-O Nc6 9. f3 Nxd4 10. Bxd4 Be6 11. g4 c5 12. Be3 Qa5 13. Kb1 b5 14. Nd5 Qa6 15. Bh6 Nxd5 16. Bxg7 Nb6 17. Qh6 Qxa2+ 18. Kc1 Nd7 19. Bxb5 Qa1+ 20. Kd2 Qa5+ 21. Bc3 Qxc3+ 22. bxc3 Ne5 23. Be2 Rab8 24. h4 f6 25. h5 g5 26. f4 Nf7 27. Qxf6 Bd7 28. fxg5 Ne5 29. Qxd6 Rfe8 30. g6 Rbd8 31. Kc1 h6 32. g5 Re6 33. Qxe6+ Bxe6 34. Rxd8+ Kg7 1-0


[Site "https://www.chess.com"]